← All builds
Front / Armada / Economy first / OBSERVED BUILD

Standard front

Armada Front build order · Supreme Isthmus

Standard economy-first Front play: Bot Lab and Vehicle Plant up immediately, units trickle to the coast and middle, with an Advanced Metal Extractor around 9:00 as the eco transition.

#eco · 1709 distinct matches · 249 players · 74% of Armada Front games · team won 61% of 2004 · Recently observed

HOW TO PLAY IT

Key timing: T2 constructor by 7:43

  1. Open mex and wind, drop Bot Lab and Vehicle Plant almost immediately.
  2. Pump Blitz, Rocketeer and Pawn to the coast to stop leaks first.
  3. Add Centurion and Janus once first units are moving up.
  4. Form units into a line pushing toward middle as numbers grow.
  5. Upgrade to Advanced Metal Extractor as the economy transition kicks in.

Phase by phase

TYPICAL OF ITS 1709 GAMES
  1. 1
  2. 2
  3. 3
PLAY THE OPENING

Follow the example game's first 6:00 step by step: what to build now, what comes next, and where it goes. At 1× it keeps pace with your own game.

  1. 1

    Up to the Bot Lab

    Economy
    • Metal Extractor2Mex
    Order
    1. Bot LabBot Lab after 2 mex, 1 winddone ~0:44, middle half 0:33–0:56

    Some games also: wind (48%) · Vehicle Plant (35%)

    By 0:28 in all: 2 mex

    The example game in this phase · 3 steps
    1. Mex ×2
    2. Solar
    3. Bot LabBot Labdone 0:42 · typical 0:44
  2. 2

    Bot Lab to 5:00

    Economy
    • Metal Extractor4Mex
    • Wind Turbine3Wind
    Builders
    • Construction Bot1 Con bot
    Army
    • Sentry1 Sentry
    • Rocketeer6 Rocketeer

    Some games also: Lazarus (49%) · tick (46%) · centurion (40%) · con vehicle (32%) · janus (32%)

    By 5:00 in all: 6 mex · 6 wind

    The example game in this phase · 22 steps
    1. LazarusLazarus
    2. PawnPawn ×2
    3. LazarusLazarus
    4. RocketeerRocketeer ×3
    5. CenturionCenturion
    6. Construction BotCon bot
    7. RocketeerRocketeer
    8. PawnPawn ×2
    9. RocketeerRocketeer
    10. Mex
    11. RocketeerRocketeer
    12. Construction BotCon bot
    13. Mex
    14. Construction BotCon bot
    15. CenturionCenturion
    16. RocketeerRocketeer ×2
    17. Mex
    18. RocketeerRocketeer ×4
    19. Mex ×2
    20. RocketeerRocketeer
    21. Radar TowerRadar Tower
    22. Construction BotCon bot
  3. 3

    5:00 to 10:00

    Economy
    • Metal Extractor1Mex
    • Wind Turbine14Wind
    Builders
    • Construction Turret2 Con turret
    Army
    • Sentry1 Sentry

    Some games also: rocketeer (46%) · energy storage (43%) · Lazarus (38%) · con bot (38%) · Radar Tower (36%)

    By 10:00 in all: 7 mex · 24 wind · 1 energy storage · 3 con turret

    The example game in this phase · 69 steps
    1. RocketeerRocketeer
    2. LazarusLazarus
    3. CenturionCenturion
    4. Wind
    5. RocketeerRocketeer
    6. Wind
    7. RocketeerRocketeer
    8. BeamerBeamer
    9. RocketeerRocketeer
    10. Wind
    11. RocketeerRocketeer ×2
    12. Con turret
    13. RocketeerRocketeer ×2
    14. Sneaky PeteSneaky Pete
    15. Wind
    16. Construction BotCon bot
    17. Wind
    18. RocketeerRocketeer
    19. Wind
    20. RocketeerRocketeer ×3
    21. LazarusLazarus
    22. CenturionCenturion
    23. Advanced Metal ExtractorT2 mexdone 8:39 · typical 9:00
    24. RocketeerRocketeer ×5
    25. BeamerBeamer
    26. PawnPawn ×3
    27. Mex
    28. PawnPawn
    29. Con turret
    30. PawnPawn
    31. RocketeerRocketeer ×2
    32. Construction BotCon bot
    33. RocketeerRocketeer
    34. Mex
    35. RocketeerRocketeer ×2
    36. Wind
    37. RocketeerRocketeer
    38. Wind
    39. NettleNettle
    40. Wind ×4
    41. LazarusLazarus
    42. Wind
    43. Energy storage
    44. CenturionCenturion
    45. Wind ×2
    46. RocketeerRocketeer
    47. Wind
    48. RocketeerRocketeer
    49. Wind
    50. RocketeerRocketeer
    51. Wind
    52. RocketeerRocketeer
    53. Wind
    54. RocketeerRocketeer
    55. Wind
    56. RocketeerRocketeer
    57. Wind
    58. RocketeerRocketeer
    59. Construction BotCon bot
    60. Wind
    61. Construction BotCon bot
    62. Wind
    63. LazarusLazarus
    64. Wind
    65. LazarusLazarus
    66. BeamerBeamer
    67. LazarusLazarus ×9
    68. SentrySentry ×2
    69. BeamerBeamer ×2

Counts are medians over the build's games: half of them build more, half fewer. The example game is AcquiredTaste's (30 OS, 08/10/2026); pick another.

Team trades

IN AT LEAST 30% OF ITS GAMES

You hand over

Nothing regular.

You get

  • Tidal Generator4 Tidal from Pondfirst at 0:17 · in 68% of games
  • Advanced Construction Bot1 T2 con bot from Geo or Techfirst at 7:23 · in 64% of games

How it plays out

Typical game of this build, running totals by minute

Metal produced

010k20k30k
0:005:0010:0015:00

metal

Enemy metal destroyed

05k10k
0:005:0010:0015:00

metal

Own metal lost

05k10k
0:005:0010:0015:00

metal

2004 games.

Show as table
ByMetal produced: This buildEnemy metal destroyed: This buildOwn metal lost: This build
1:0033300
2:008402131
3:001619135109
4:002700522333
5:0038471126783
6:00503519371427
7:00625027262302
8:00753535483173
9:00897543324071
10:001055050154810
11:001238455405547
12:001453759986404
13:001688964946999
14:001926072177829
15:002185578738701
WHAT THE NUMBERS SAY

Standard Front play wins more often than Suicide front and produces more metal by 15:00 while losing less of it.

  • + Metal produced reaches 22627 by 15:00, well above Suicide front's 20142.
  • + Own metal lost is 8944 by 15:00, lower than enemy metal destroyed ratio of Suicide front.
  • − First unit lost already at 1:43, showing exposure despite the safer position.
  • − Blitz dominates army share at 25%, leaving fewer Centurion for anti-swarm.
THE EXAMPLE YOU ARE READING

AcquiredTaste

30.1 OS · 08/10/2026

Open source match ↗

12 received units · includes a constructor
541 metal received · 21224 energy received

Allied construction assistance is unknown. Timings are observations, not a promise of solo reproducibility.

Typical milestones

Bot Lab0:44Middle 50%: 0:33–0:56 · n=1341
Vehicle Plant0:47Middle 50%: 0:41–1:14 · n=1292
Advanced Metal Extractor9:00Middle 50%: 8:09–10:15 · n=1575

Played most by

haaven107games of this buildHummell107games of this buildLeohvm94games of this buildTheGeneraI75games of this buildXad69games of this build